 Dungeon Crawl Stone Soup version 0.31-a0-232-gb1c03b2570 (webtiles) character file.

Game seed: 13590728229950126888

157 qw the Shooter (level 5, 0/30 HPs)
             Began as a Gargoyle Hexslinger on July 7, 2023.
             Slain by a gnoll
             ... wielding a +0 spear
              (4 damage)
             ... on level 3 of the Dungeon.
             The game lasted 00:00:49 (1661 turns).

qw the Shooter (Gargoyle Hexslinger)                Turns: 1661, Time: 00:00:49

Health: 0/30       AC: 10    Str: 10    XL:     5   Next: 38%
Magic:  6/6        EV: 10    Int: 18    God:
Gold:   21         SH:  0    Dex: 13    Spells: 5/6 levels left

rFire   . . .        Y - +3 sling
rCold   . . .        (no shield)
rNeg    + . .        d - +0 ring mail
rPois   inf          c - +0 helmet
rElec   +            (no cloak)
rCorr   .            (no gloves)
SInv    .            (no boots)
Will    .....        f - amulet of faith
Stlth   +            (no ring)
HPRegen 0.25/turn    (no ring)
MPRegen 0.10/turn

%: faith
@: no status effects
A: sickness immunity, AC +4, negative energy resistance 1, electricity
resistance, torment resistance 1, petrification resistance, clever 1
a: no special abilities


You were on level 3 of the Dungeon.
You visited 1 branch of the dungeon, and saw 3 of its levels.

You collected 135 gold pieces.
You spent 114 gold pieces at shops.


Innate Abilities, Weirdness & Mutations

You are immune to sickness and miasma.
Your stone body is resilient. (AC +4)
You are immune to poison.
You resist negative energy. (rN+)
You are resistant to electric shocks. (rElec)
You are resistant to unholy torment.
You are immune to petrification.
Your mind is acute. (Int +4, Str/Dex -1)


   Skills:
 + Level 2.0 Fighting
 - Level 5.0 Ranged Weapons
 - Level 1.0 Armour
 - Level 1.5 Dodging
 - Level 1.0 Spellcasting
 - Level 2.6 Hexes


You had 5 spell levels left.
You knew the following spells:

 Your Spells              Type           Power      Damage    Failure   Level
a - Slow                  Hex            40%        N/A       17%         1

Your spell library contained the following spells:

 Spells                   Type           Power      Damage    Failure   Level
 Inner Flame              Hex/Fire       5%         N/A       65%         3
 Portal Projectile        Hex/Tloc       10%        N/A       65%         3
 Cause Fear               Hex            5%         N/A       86%         4

Inventory:

Hand Weapons
 Y - a +3 sling (weapon)
Armour
 c - a +0 helmet (worn)
 d - a +0 ring mail (worn)
 j - a +1 helmet
Jewellery
 f - an amulet of faith (around neck)
Scrolls
 g - 2 scrolls of identify
Potions
 a - a potion of lignification {unknown}
 b - a potion of enlightenment {unknown}
 e - a potion of resistance
 h - 2 potions of might
 i - a potion of mutation

Dungeon Overview and Level Annotations

Branches:
Dungeon (3/15)

Altars:

Shops:
D:3 [?

Annotations:
D:3 3 runed translucent doors, qw's ghost, amateur MiHs


Message History

A gnoll comes into view. It is wielding a +0 spear.
You shoot a sling bullet.
The sling bullet completely misses the goblin.
The gnoll hits you but does no damage. The goblin barely misses you.
You shoot a sling bullet.
The sling bullet closely misses the goblin.
The goblin hits you but does no damage.
The gnoll hits you from afar with a +0 spear.
You shoot a sling bullet.
The sling bullet barely misses the goblin.
The gnoll hits you but does no damage.
The goblin hits you but does no damage. x2
The gnoll closely misses you.
You shoot a sling bullet. The sling bullet hits the goblin.
The goblin is severely wounded.
The gnoll hits you from afar with a +0 spear.
The goblin barely misses you.
You shoot a sling bullet.
The sling bullet closely misses the goblin.
The gnoll completely misses you. The goblin closely misses you.
You shoot a sling bullet. The sling bullet hits the goblin.
You kill the goblin!
The gnoll hits you from afar with a +0 spear.
The gnoll hits you from afar with a +0 spear!
The gnoll closely misses you.
You shoot a sling bullet. The sling bullet hits the gnoll.
The gnoll is lightly wounded.
The gnoll misses you. The gnoll hits you but does no damage.
You shoot a sling bullet.
The sling bullet hits the gnoll but does no damage.
The gnoll is lightly wounded.
The gnoll hits you but does no damage. The gnoll barely misses you.
You shoot a sling bullet. The sling bullet hits the gnoll!
The gnoll is severely wounded.
The gnoll hits you with a +0 halberd! The gnoll barely misses you.
The gnoll hits you from afar with a +0 spear.
The gnoll completely misses you.
You shoot a sling bullet. The sling bullet hits the gnoll.
You kill the gnoll!
The gnoll hits you from afar with a +0 spear.
You die...

#. #.# #....# . ##.##.#
. ...#.# #. #..#.# #.
#..#.# #. #..#.#######
#.
#..#####..#.......#####.
.......@................
.....#)######.###.####..
#.. ..g #.# #....'.. #
....# #.# ######..
...... #.# #.( ......
#.# #.. #.... #+# #..
#.#.. ###


You could see a gnoll.

Vanquished Creatures
  Jessica (D:2)
  Terence (D:2)
  Robin (D:2)
  4 gnolls (D:3)
  An adder (D:2)
  A dart slug (D:1)
  6 ball pythons
  3 endoplasms
  2 giant cockroaches
  8 goblins
  4 hobgoblins
  4 jackals (D:1)
  5 quokkas
  6 bats
  A frilled lizard (D:2)
  3 kobolds
  2 rats
53 creatures vanquished.

Notes
Turn   | Place    | Note
-------+----------+-------------------------------------------
     0 | D:1      | qw the Gargoyle Hexslinger began the quest for the Orb.
     0 | D:1      | Reached XP level 1. HP: 12/12 MP: 2/2
     0 | D:1      | 0 ||| qw: Version: 0.3-a-46-gb1f654a
     0 | D:1      | 0 ||| qw: Game counter: 2444
     0 | D:1      | 0 ||| qw: Melee chars always use a shield: true
     0 | D:1      | 0 ||| qw: God list: Okawaru
     0 | D:1      | 0 ||| qw: Allow faded altars: false
     0 | D:1      | 0 ||| qw: Do Orc after clearing Dungeon:15 true
     0 | D:1      | 0 ||| qw: Do second Lair branch before Depths: true
     0 | D:1      | 0 ||| qw: Lair rune preference: random
     0 | D:1      | 0 ||| qw: Goals: Normal
     0 | D:1      | 0 ||| PLANNING D:1-11
    65 | D:1      | Reached XP level 2. HP: 16/16 MP: 3/3
    90 | D:1      | Reached skill level 3 in Ranged Weapons
   149 | D:1      | 149 ||| FLEEEEING.
   150 | D:1      | 150 ||| FLEEEEING.
   161 | D:1      | 161 ||| FLEEEEING.
   162 | D:1      | 162 ||| FLEEEEING.
   395 | D:1      | Reached XP level 3. HP: 21/21 MP: 4/4
   403 | D:1      | Found a faded altar of an unknown god.
   470 | D:1      | 470 ||| UPGRADING to +0 ring mail.
   480 | D:1      | 480 ||| DROPPING +0 robe.
   481 | D:1      | 481 ||| UPGRADING to amulet of faith.
   486 | D:1      | 486 ||| READING scroll labelled PID BISMOXAF.
   487 | D:1      | 487 ||| READING scroll labelled VABIOQ CEGEAX.
   488 | D:1      | 488 ||| DRINKING 2 smoky ruby potions.
   489 | D:1      | 489 ||| DRINKING 2 clear potions.
   490 | D:1      | 490 ||| DROPPING scroll of poison.
   573 | D:2      | Noticed Jessica
   580 | D:2      | Killed Jessica
   581 | D:2      | Reached XP level 4. HP: 26/26 MP: 5/5
   640 | D:2      | Noticed Robin
   642 | D:2      | Reached skill level 4 in Ranged Weapons
   646 | D:2      | Killed Robin
   650 | D:2      | Reached skill level 1 in Armour
   710 | D:2      | Noticed Terence
   719 | D:2      | Killed Terence
   884 | D:2      | Reached XP level 5. HP: 23/30 MP: 6/6
  1336 | D:2      | 1336 ||| UPGRADING to +0 helmet.
  1341 | D:2      | 1341 ||| READING scroll labelled MACINT HUAMERO.
  1345 | D:2      | 1345 ||| READING 2 scrolls labelled KEUVAG YDWI.
  1346 | D:2      | 1346 ||| READING scroll labelled TAPNUH WUEMYU.
  1347 | D:2      | 1347 ||| READING scroll labelled NEOTEUTECWO.
  1370 | D:2      | 1370 ||| READING scroll labelled XASUAQ ASMA.
  1371 | D:2      | 1371 ||| DRINKING 2 fuming purple potions.
  1371 | D:2      | Gained mutation: Your mind is acute. (Int +4, Str/Dex -1)
                  | [potion of mutation]
  1372 | D:2      | 1372 ||| DRINKING 3 black potions.
  1373 | D:2      | 1373 ||| DROPPING 2 potions of invisibility.
  1425 | D:3      | Found a runed translucent gate.
  1425 | D:3      | Found a runed translucent gate.
  1425 | D:3      | Found a runed translucent gate.
  1426 | D:3      | Noticed qw's ghost (amateur MiHs)
  1473 | D:3      | Found Feonuz's Magic Scroll Boutique.
  1478 | D:3      | 1478 ||| BUYING scroll of enchant weapon (90 gold).
  1478 | D:3      | Bought a scroll of enchant weapon for 90 gold pieces
  1478 | D:3      | 1478 ||| SHOPLISTING scroll of enchant weapon (90 gold,
                  | have 34).
  1478 | D:3      | 1478 ||| BUYING scroll of identify (24 gold).
  1478 | D:3      | Bought a scroll of identify for 24 gold pieces
  1478 | D:3      | 1478 ||| SHOPLISTING scroll of identify (24 gold, have 10).
  1478 | D:3      | 1478 ||| SHOPLISTING scroll of teleportation (36 gold, have
                  | 10).
  1478 | D:3      | 1478 ||| READING scroll of enchant weapon.
  1478 | D:3      | 1478 ||| ENCHANTING +2 sling.
  1580 | D:3      | Reached skill level 5 in Ranged Weapons
  1589 | D:3      | Found Qisejan's Antique Armour Emporium.
  1597 | D:3      | 1597 ||| SHOPLISTING pair of gloves (99 gold, have 10).
  1597 | D:3      | 1597 ||| SHOPLISTING pair of glowing gloves (165 gold, have
                  | 10).
  1660 | D:3      | HP: 6/30 [gnoll/+0 halberd (7)]
  1661 | D:3      | Slain by a gnoll

Levels and vault maps discovered:
D:1:      dpeg_arrival_windows_large_door, layout_rooms,
          hellmonk_ecumenical_altar_heavens_door
D:2:      layout_loops_ring, uniq_terence, uniq_robin, uniq_jessica
D:3:      layout_basic, gammafunk_ghost_split, serial_shops, shop, shop, shop,
          grunt_decor_junction, grunt_ministairs_3

Skill      XL: |  1  2  3  4  5 |
---------------+----------------+-----
Ranged Weapons | 3 4 5 |  5.0
Fighting       | 2 |  2.0
Armour         | 1 |  1.0
Dodging        | |  1.5
Spellcasting   | |  1.0
Hexes          | |  2.6

Action                     |  1- 3 |  4- 6 || total
---------------------------+-------+-------++-------
   Fire: Sling             |    76 |   104 ||   180
    Use: Scroll            |     2 |     6 ||     8
         Potion            |     2 |     2 ||     4
 Armour: Robe              |     6 |       ||     6
         Ring mail         |     4 |    28 ||    32
  Dodge: Dodged            |    25 |    39 ||    64

Table legend:
 A = Non-vault XP
 B = Vault XP
 C = Vault XP percentage of total XP
 D = Non-vault monster count
 E = Vault monster count
 F = Vault count percentage of total count
                 A         B        C        D         E       F
            +---------+---------+-------+---------+---------+-------
      Total |     140 |      99 |  41.4 |      44 |       9 |  17.0
            +---------+---------+-------+---------+---------+-------
        D:1 |      35 |       0 |   0.0 |      20 |       0 |   0.0
        D:2 |      39 |      99 |  71.7 |      15 |       9 |  37.5
        D:3 |      66 |       0 |   0.0 |       9 |       0 |   0.0
            +---------+---------+-------+---------+---------+-------
